 Dungeon Crawl Stone Soup version 0.30.1-9-gdf580d7c3d (webtiles) character file.

Game seed: 13049470113124143363

1267 mk2021 the Magician (level 8, -3/56 HPs)
             Began as a Djinni Fire Elementalist on Oct 20, 2023.
             Was a Follower of Fedhas.
             Killed by divine providence
             ... invoked by an orc priest
              (15 damage)
             ... on level 6 of the Dungeon.
             The game lasted 00:21:58 (4128 turns).

mk2021 the Magician (Djinni Fire Elementalist)      Turns: 4128, Time: 00:21:59

Health: -3/56      AC:  5    Str:  7    XL:     8   Next: 82%
Gold:   169        EV: 17    Int: 20    God:    Fedhas [*.....] SH:  5 Dex: 13

rFire   + + .        v - +0 dagger (venom)
rCold   x . .        (no shield)
rNeg    . . .        o - +0 leather armour
rPois   ∞            m - +1 helmet
rElec   .            (no cloak)
rCorr   .            (no gloves)
SInv    .            (boots unavailable)
Will    .....        p - amulet of reflection
Stlth   ++           u - +5 ring of evasion
HPRegen 0.29/turn    (no ring)
MPRegen 0.00/turn

%: reflection, infuse magic (-4 HP)
@: on berserk cooldown, flying, slowed, very slow
A: sickness immunity, fire resistance 2, cold vulnerability 1, float, innate
caster, HP casting, extra vitality 1
a: Renounce Religion


You were on level 6 of the Dungeon.
You worshipped Fedhas.
Fedhas was aware of your devotion.
You visited 1 branch of the dungeon, and saw 6 of its levels.
You also visited: Sewer.

You collected 169 gold pieces.

Inventory:

Hand Weapons
 e - a +0 short sword
 f - a +0 flail
 g - a +0 dagger
 j - a +0 hand axe
 n - a +0 whip
 v - a +0 dagger of venom (weapon)
 y - a +1 war axe of venom
 A - a +2 short sword of protection
Missiles
 h - 37 stones
 D - a curare-tipped dart
 H - 8 poisoned darts
Armour
 a - a +0 robe
 i - a +0 ring mail
 m - a +1 helmet (worn)
 o - a +0 leather armour (worn)
Jewellery
 p - an amulet of reflection (around neck)
 u - a +5 ring of evasion (left hand)
Wands
 w - a wand of flame (21)
 x - a wand of paralysis (16)
Scrolls
 b - a scroll of silence
 d - 2 scrolls of noise
 l - 3 scrolls of immolation
 q - a scroll of butterflies
 s - a scroll of fog {unknown}
 t - a scroll of magic mapping {unknown}
 I - a scroll of poison {unknown}
 K - a scroll of amnesia {unknown}
Potions
 c - 2 potions of curing
 k - 2 potions of cancellation
 r - a potion of berserk rage
 z - a potion of mutation {unknown}
 B - 3 potions of invisibility {unknown}
 C - 3 potions of magic {unknown}
 E - a potion of resistance {unknown}
 F - a potion of heal wounds {unknown}
 G - 2 potions of haste {unknown}
 J - 2 potions of might {unknown}
 L - 2 potions of lignification {unknown}
 M - a potion of flight {unknown}


   Skills:
 - Level 3.0 Fighting
 - Level 3.0 Armour
 - Level 3.0 Dodging
 - Level 2.0 Stealth
 + Level 6.5 Spellcasting
 - Level 3.0 Invocations


You knew the following spells:

 Your Spells              Type           Power      Damage    Failure   Level
a - Foxfire               Conj/Fire      100%       2x1d9     1%          1
b - Scorch                Fire           64%        2d7       1%          2
c - Volatile Blastmotes   Fire/Tloc      64%        2d15      3%          3
d - Inner Flame           Hex/Fire       32%        N/A       3%          3
e - Flame Wave            Conj/Fire      32%        2d9       10%         4
f - Necrotise             Necr           100%       1d9       1%          1
g - Ensorcelled Hibernat  Hex/Ice        64%        N/A       1%          2
h - Vampiric Draining     Necr           32%        2d8       3%          3
Your spell library was empty.

Dungeon Overview and Level Annotations

Branches:
Dungeon (6/15)              Sewer (visited)
 Temple: D:4-7

Altars:
Fedhas
Nemelex Xobeh
Zin

Shops:
D:4 *

Annotations:
D:5 exclusion: lemure, Pikel


Innate Abilities, Weirdness & Mutations

You are immune to sickness and miasma.
You are immune to poison.
Your flesh is very heat resistant. (rF++)
You are vulnerable to cold. (rC-)
You float through the air rather than walking.
You learn spells naturally, not from books.
Your magical power is your life essence.
You have superior vitality. (+4 MHP)


Message History

You hit the phantom.
The phantom is moderately damaged.
You hit the phantom.
The phantom is moderately damaged.
You block the phantom's attack.
You closely miss the phantom. Your punch misses the phantom.
The phantom is moderately damaged.
The phantom hits you but does no damage.
You hit the phantom.
The phantom is heavily damaged.
You puncture the phantom!
The phantom is almost destroyed.
The phantom misses you.
You hit the phantom.
The phantom is almost destroyed.
The phantom barely misses you.
You hit the phantom.
The phantom is almost destroyed.
An orc priest comes into view. It is wielding a +0 hand axe.
You closely miss the phantom.
The phantom is almost destroyed.
The orc priest shouts!
You hear an angry hiss.
The phantom barely misses you.
You puncture the phantom!
You destroy the phantom!
Fedhas accepts your kill.
You feel a strong urge to attack something.
You are no longer berserk.
You are exhausted.
You feel yourself slow down.
Found a stone staircase leading down.
A shadow imp comes into view.
The kobold brigand throws a poisoned dart.
The poisoned dart misses you. You block the orc's attack.
The orc attacks as you move away! The orc hits you but does no damage.
The orc priest invokes the aid of Beogh against you.
Beogh smites you!
You die...
Fedhas appreciates your contribution to the ecosystem.

.########## ## ..........
.># .........# ###.#
.........####<#.#
######..[...@#.# #.#$
#..####o#.#
..#.######...5...#.#
................g..####.#
....b.####..##o#K#......#
.8#.........##.#.#..#####
..##........##o#g#..#
...##b......#..#.#..# ..#
#...b...o....)..#


You could see a kobold brigand, an orc priest, 2 gnolls and 2 orcs.

Vanquished Creatures
  Sigmund (D:3)
  A water moccasin (D:6)
  A black bear (D:5)
  A centaur (D:6)
  An ogre (D:4)
  3 phantoms
  A kobold brigand (Sewer)
  A scorpion (D:6)
  2 orc priests
  2 iguanas
  4 orc wizards
  A gnoll (D:6)
  5 adders
  An ufetubus (D:6)
  2 worms (D:2)
  2 dart slugs
  12 orcs
  12 endoplasms
  11 giant cockroaches
  6 goblins
  4 hobgoblins
  4 quokkas
  8 ball pythons
  2 bats
  2 frilled lizards (Sewer)
  19 kobolds
  9 rats
118 creatures vanquished.

Vanquished Creatures (others)
  300 foxfires
300 creatures vanquished.

Grand Total: 418 creatures vanquished

Notes
Turn   | Place    | Note
-------+----------+-------------------------------------------
     0 | D:1      | mk2021 the Djinni Fire Elementalist began the quest for the
                  | Orb.
     0 | D:1      | mk2021 set off with the following spells memorised:
                  | Foxfire, Scorch, Volatile Blastmotes, Inner Flame, Flame
                  | Wave.
     0 | D:1      | Reached XP level 1. HP: 15/15 MP: 0/0
   235 | D:1      | You are sucked into a shaft and drop 1 floor!
   255 | D:2      | Reached XP level 2. HP: 18/21 MP: 0/0
   263 | D:2      | Reached skill level 3 in Spellcasting
   301 | D:2      | Reached XP level 3. HP: 18/25 MP: 0/0
   301 | D:2      | Learned a level 1 spell: Necrotise
  1353 | D:2      | Reached XP level 4. HP: 30/31 MP: 0/0
  1412 | D:2      | Reached skill level 1 in Armour
  1728 | D:3      | Found a blossoming altar of Fedhas.
  1756 | D:3      | Noticed Sigmund
  1787 | D:3      | Found a glowing drain.
  1810 | Sewer    | Entered a sewer
  1930 | Sewer    | Noticed a kobold brigand
  1942 | Sewer    | Killed a kobold brigand
  1943 | Sewer    | Reached skill level 4 in Spellcasting
  1943 | Sewer    | Reached XP level 5. HP: 32/35 MP: 0/0
  1943 | Sewer    | Learned a level 2 spell: Ensorcelled Hibernation
  2531 | D:3      | Killed Sigmund
  2532 | D:3      | Reached XP level 6. HP: 35/45 MP: 0/0
  2803 | D:3      | Became a worshipper of Fedhas Madash
  3011 | D:4      | Found a sparkling altar of Nemelex Xobeh.
  3099 | D:5      | Entered Level 5 of the Dungeon
  3117 | D:4      | Reached XP level 7. HP: 47/49 MP: 0/0
  3117 | D:4      | Learned a level 3 spell: Vampiric Draining
  3347 | D:4      | Reached skill level 1 in Invocations
  3392 | D:4      | Found Netymuog's Lightly-Used Armoury.
  3801 | D:4      | Reached skill level 5 in Spellcasting
  3861 | D:5      | Reached XP level 8. HP: 42/56 MP: 0/0
  3920 | D:5      | Noticed Pikel
  3965 | D:6      | Reached * piety under Fedhas
  4034 | D:6      | Found a glowing silver altar of Zin.
  4095 | D:6      | Reached skill level 6 in Spellcasting
  4128 | D:6      | Killed from afar by an orc priest

Illustrated notes

Levels and vault maps discovered:
D:1:      sevenhm_arrival_forest_fort_large_4, layout_loops_cross
D:2:      layout_loops_ring
D:3:      layout_basic, nicolae_overflow_crystal_walls, gup_sewer_entry_pipe,
          uniq_sigmund
D:4:      layout_cave_pods, nemelex_xobeh_ov_fountains_minmay,
          nicolae_vehumet_altar_sigil, minmay_shop_damaged
D:5:      layout_basic, nicolae_ru_great_annihilating_truth, eino_tiny_chamber,
          uniq_menkaure, uniq_pikel
D:6:      layout_basic, jmf_multi_god_temple,
          minmay_temple_entry_drinking_statues, minivault_26, hellmonk_no_cap

Skill      XL: |  1  2  3  4  5  6  7  8 |
---------------+-------------------------+-----
Spellcasting   | 3 4 5 6 |  6.5
Armour         | 2 3 |  3.0
Fighting       | 2 3 |  3.0
Stealth        | 2 |  2.0
Invocations    | 2 3 |  3.0
Dodging        | 3 |  3.0

Action                     |  1- 3 |  4- 6 |  7- 9 || total
---------------------------+-------+-------+-------++-------
  Melee: Unarmed           |     3 |       |       ||     3
         Short sword       |    14 |       |       ||    14
         Dagger            |       |    24 |    22 ||    46
         Punch             |       |       |     1 ||     1
   Cast: Foxfire           |    44 |    75 |    74 ||   193
         Scorch            |     1 |       |       ||     1
         Necrotise         |     8 |       |     3 ||    11
         Volatile Blastmot |       |     1 |     2 ||     3
         Vampiric Draining |       |       |     3 ||     3
    Use: Scroll            |       |     5 |     1 ||     6
         Potion            |       |     1 |     2 ||     3
   Stab: Sleeping          |       |     1 |       ||     1
 Armour: Robe              |     3 |       |       ||     3
         Leather armour    |     3 |    14 |    21 ||    38
  Dodge: Dodged            |    30 |    27 |    38 ||    95
  Block: Other             |     3 |    10 |     9 ||    22
         Reflection        |       |     1 |       ||     1
